 Dungeon Crawl Stone Soup version 0.21-a0-504-g2eda330 (webtiles) character file.

596 Gildeon the Conjurer (level 7, -4/36 HPs)
             Began as a Deep Elf Fire Elementalist on Nov 26, 2017.
             Was a Follower of Sif Muna.
             Slain by p0werm0de's ghost (6 damage)
             ... on level 5 of the Dungeon.
             The game lasted 00:44:09 (6724 turns).

Gildeon the Conjurer (Deep Elf Fire Elementalist)   Turns: 6724, Time: 00:44:10

Health: -4/36      AC:  4    Str:  6    XL:     7   Next: 17%
Magic:  16/16      EV: 13    Int: 21    God:    Sif Muna [*.....]
Gold:   186        SH:  0    Dex: 15    Spells: 3/16 levels left

rFire    . . .     SeeInvis .   m - +2 short sword (vamp)
rCold    . . .     Gourm    .   (no shield)
rNeg     . . .     Faith    .   a - +2 robe
rPois    .         Spirit   .   (no helmet)
rElec    .         Reflect  .   (no cloak)
rCorr    .         Harm     .   (no gloves)
MR       .....                  (no boots)
Stlth    ++........             (no amulet)
HPRegen  0.12/turn              (no ring)
MPRegen  0.15/turn              (no ring)

@: lethally poisoned (-4 -> -7), flying
A: no striking features
a: Divine Energy, Renounce Religion


You were on level 5 of the Dungeon.
You worshipped Sif Muna.
Sif Muna was aware of your devotion.
You were not hungry.

You visited 1 branch of the dungeon, and saw 5 of its levels.

You collected 186 gold pieces.

Inventory:

Hand Weapons
 m - a +2 vampiric short sword (weapon)
Missiles
 d - a throwing net (quivered)
Armour
 a - a +2 robe (worn)
Scrolls
 p - a scroll of enchant armour
 r - 5 scrolls of remove curse
Potions
 f - a potion of brilliance {unknown}
 g - 2 potions of ambrosia
 j - a potion of degeneration {unknown}
 k - a potion of might {unknown}
 o - a potion of lignification {unknown}
Books
 b - a book of Flames

   Spells                             Type                      Level
   a - Flame Tongue                   Conjuration/Fire             1
   b - Throw Flame                    Conjuration/Fire             2
   c - Conjure Flame                  Conjuration/Fire             3
   d - Inner Flame                    Hexes/Fire                   3
   e - Sticky Flame                   Conjuration/Fire             4
   f - Fireball                       Conjuration/Fire             5
Comestibles
 c - 2 bread rations
 h - 2 royal jellies
 i - 4 meat rations
 l - 4 chunks of flesh
 n - 2 fruits


   Skills:
 - Level 2.4 Dodging
 + Level 2.4 Stealth
 - Level 5.0 Spellcasting
 - Level 5.1 Conjurations
 - Level 5.1 Hexes
 - Level 5.0 Fire Magic


You had 3 spell levels left.
You knew the following spells:

 Your Spells              Type           Power        Failure   Level  Hunger
a - Flame Tongue          Conj/Fire      ####.        1%          1    None
b - Throw Flame           Conj/Fire      ####..       1%          2    None
c - Conjure Flame         Conj/Fire      ####....     4%          3    ##.....
d - Sticky Flame          Conj/Fire      ####....     14%         4    ####...
e - Inner Flame           Hex/Fire       ####....     4%          3    ##.....


Dungeon Overview and Level Annotations

Branches:
Dungeon (5/15)
 Temple: D:4-7

Altars:
Elyvilon
Makhleb
Qazlal
Sif Muna
Xom
Yredelemnul

Shops:
D:4 [

Annotations:
D:5 p0werm0de's ghost, novice OpAM


Message History

P0werm0de's ghost ripples.
P0werm0de's ghost hits you. The adder closely misses you.
You completely miss the adder.
The adder is severely wounded.
You feel less invigorated.
You feel less confused.
The killer bee zombie closely misses you.
The centaur skeleton hits you. The adder misses you.
The killer bee zombie hits you. P0werm0de's ghost barely misses you.
The centaur skeleton hits you.
* * * LOW HITPOINT WARNING * * *
You feel very buoyant.
You fly up into the air.
You feel sick.
The killer bee zombie hits you but does no damage.
The adder bites you.
* * * LOW HITPOINT WARNING * * *
The orc completely misses you. The centaur skeleton hits you.
* * * LOW HITPOINT WARNING * * *
P0werm0de's ghost hits you.
You die...

#......# ##.... ###.#### #...#
#..... # #.# #...# #..[..
#.###### #...# #.....
#.##...#### #...# #### #.....
#.....##...# #...# #...#
#....#
###....##.....##.o.##.....
#..#.# .......#
......#oZ.#...... #.....
.##....# ......o@So'......
#..... .##....#
......#WZ.#..... #.....
##.....##..... #...# ...
#...## ........##... #...# .
#..### .##.....###### #...#
##### #.###.
###...5.##...###...###...###.#
#. #
####.##.....##...##.....##.#
#.
######.#.......#...#.......#.#
#.
#......#.......'...'.......#.#
#.


You could see p0werm0de's ghost, an adder, 4 orcs, a killer bee zombie and a
centaur skeleton.

Vanquished Creatures
  An ice beast (D:5)
  An ogre (D:5)
  A centaur zombie (D:5)
  2 hounds (D:4)
  An orc wizard (D:5)
  An orc priest (D:3)
  A worker ant (D:4)
  An iguana (D:4)
  A worker ant zombie (D:5)
  9 adders
  2 shadow imps (D:5)
  An adder zombie (D:1)
  2 worms (D:2)
  A dart slug (D:1)
  2 leopard geckos
  12 orcs
  11 bats
  4 giant cockroaches
  5 goblins
  6 hobgoblins
  2 jackals (D:2)
  3 quokkas
  A ball python (D:4)
  8 frilled lizards
  A jackal zombie (D:1)
  11 kobolds
  A leopard gecko skeleton (D:4)
  15 rats
107 creatures vanquished.

Notes
Turn   | Place    | Note
-------+----------+-------------------------------------------
     0 | D:1      | Gildeon the Deep Elf Fire Elementalist began the quest for the Orb.
     0 | D:1      | Reached XP level 1. HP: 10/10 MP: 6/6
   410 | D:1      | Reached XP level 2. HP: 15/15 MP: 3/9
   473 | D:1      | Learned a level 2 spell: Throw Flame
  1130 | D:1      | Reached XP level 3. HP: 19/19 MP: 6/11
  1440 | D:1      | Reached skill level 5 in Spellcasting
  1446 | D:1      | Learned a level 3 spell: Conjure Flame
  1450 | D:1      | Learned a level 3 spell: Inner Flame
  1707 | D:2      | Found a shimmering altar of Xom.
  1972 | D:2      | Reached XP level 4. HP: 24/24 MP: 8/13
  2042 | D:2      | Learned a level 4 spell: Sticky Flame
  2867 | D:2      | Reached skill level 5 in Fire Magic
  3371 | D:3      | Reached XP level 5. HP: 28/28 MP: 7/14
  3652 | D:3      | Found a white marble altar of Elyvilon.
  3656 | D:3      | Found a basalt altar of Yredelemnul.
  3658 | D:3      | Found a deep blue altar of Sif Muna.
  3658 | D:3      | Found a stormy altar of Qazlal.
  3669 | D:3      | Became a worshipper of Sif Muna the Loreminder
  4392 | D:4      | Found a burning altar of Makhleb.
  4576 | D:4      | Found Roopunar's Armour Shop.
  4614 | D:4      | Reached XP level 6. HP: 32/32 MP: 9/15
  5200 | D:5      | Entered Level 5 of the Dungeon
  5609 | D:5      | Reached skill level 5 in Conjurations
  5676 | D:5      | Noticed an ice beast
  5690 | D:5      | Killed an ice beast
  6561 | D:5      | Reached XP level 7. HP: 36/36 MP: 6/16
  6562 | D:5      | Reached skill level 5 in Hexes
  6563 | D:5      | Reached * piety under Sif Muna
  6705 | D:5      | Noticed p0werm0de's ghost (novice OpAM)
  6724 | D:5      | Slain by p0werm0de's ghost

Vault maps used:
D:1:      saegor_arrival_fortress, minmay_stone_trees_small, minmay_hexomino_p4
D:2:      xom_teletrap_fun, serial_bayou, serial_bayou_crossing,
          serial_bayou_shore_a, serial_bayou_ford_a, serial_bayou_pond_e
D:3:      grunt_temple_overflow_open, first_bread
D:4:      marbit_many_paths, serial_shops, shop
D:5:      kennysheep_six_static_rooms

Skill      XL: |  1  2  3  4  5  6  7 |
---------------+----------------------+-----
Spellcasting   | 4 5 |  5.0
Fire Magic     | 4 5 |  5.0
Conjurations   | 2 4 5 |  5.1
Hexes          | 4 5 |  5.1
Dodging        | |  2.4
Stealth        | |  2.4

Action                   |  1- 3 |  4- 6 |  7- 9 || total
-------------------------+-------+-------+-------++-------
Melee: Short sword       |     2 |   132 |     2 ||   136
Throw: Throwing net      |       |     2 |       ||     2
 Cast: Flame Tongue      |    56 |   115 |     9 ||   180
       Throw Flame       |    18 |    37 |     1 ||    56
       Conjure Flame     |       |     1 |       ||     1
  Use: Scroll            |     6 |    11 |       ||    17
       Potion            |       |     2 |     2 ||     4
  Eat: Chunk             |     1 |     3 |       ||     4
       Bread ration      |     1 |     4 |       ||     5
Armor: Robe              |     4 |    24 |     3 ||    31
Dodge: Dodged            |    15 |    91 |    19 ||   125

Table legend:
 A = Spawn XP
 B = Non-spawn XP
 C = Spawn XP percentage of total XP
 D = Spawn monster count
 E = Non-spawn monster count
 F = Spawn count percentage of total count
 G = Total turns spent on level
                    A         B        C        D         E        F      G
               +---------+---------+-------+---------+---------+-------+---------
         Total |       0 |     852 |   0.0 |       0 |     107 |   0.0 |  6724
               +---------+---------+-------+---------+---------+-------+---------
           D:1 |       0 |      47 |   0.0 |       0 |      27 |   0.0 |  1605
           D:2 |       0 |     116 |   0.0 |       0 |      35 |   0.0 |  1487
           D:3 |       0 |      66 |   0.0 |       0 |      15 |   0.0 |   627
           D:4 |       0 |     214 |   0.0 |       0 |      16 |   0.0 |  1945
           D:5 |       0 |     409 |   0.0 |       0 |      14 |   0.0 |  1060
               +---------+---------+-------+---------+---------+-------+---------
